 Dungeon Crawl Stone Soup version 0.29.1-13-g9f3cf754e1 (webtiles) character file.

Game seed: 17772283109300298915

3694 cheesebisquit the Slicer (level 10, -12/77 (79) HPs)
             Began as a Merfolk Gladiator on Jan 23, 2023.
             Was a Follower of Dithmenos.
             Killed from afar by a steam dragon (18 damage)
             ... with a ball of steam
             ... on level 7 of the Dungeon on Jan 24, 2023.
             The game lasted 00:37:21 (11666 turns).

cheesebisquit the Slicer (Merfolk Gladiator)       Turns: 11666, Time: 00:37:21

HP:   -12/77 (79)   AC:  8    Str: 15    XL:     10   Next: 13%
MP:   10/10         EV: 20    Int:  8    God:    Dithmenos [*.....]
Gold: 682           SH:  0    Dex: 25    Spells: 9/9 levels left

rFire   . . .      SeeInvis .   a - +0 rapier
rCold   . . .      Faith    .   (no shield)
rNeg    . . .      Spirit   .   b - +0 leather armour
rPois   .          Reflect  .   F - +0 helmet
rElec   .          Harm     .   H - +1 cloak
rCorr   .          Rampage  .   p - +1 pair of gloves
Will    +....                   (no boots)
Stlth   +++++.....              (no amulet)
HPRegen 0.22/turn               f - +6 ring of dexterity
MPRegen 0.12/turn               J - ring of willpower

@: slowed, wreathed by umbra, lightly drained, very slow
A: (nimble swimmer 2), mertail
a: Renounce Religion


You were on level 7 of the Dungeon.
You worshipped Dithmenos.
Dithmenos was aware of your devotion.
You visited 2 branches of the dungeon, and saw 9 of its levels.
You also visited: Ossuary.

You collected 682 gold pieces.

Inventory:

Hand Weapons
 a - a +0 rapier (weapon)
 m - a +1 short sword of freezing
Missiles
 d - 2 curare-tipped darts
 e - a javelin
 v - 8 poisoned darts (quivered)
 E - 4 boomerangs
Armour
 b - a +0 leather armour (worn)
 c - a +1 helmet
 j - a scarf of resistance
 p - a +1 pair of gloves (worn)
 C - the +1 leather armour "Upuwaoge" {-Tele Will+ Str+2}
   (You found it on level 4 of the Dungeon)

   Str:       It affects your strength (+2).
   -Tele:     It prevents most forms of teleportation.
   Will:      It increases your willpower.
 F - a +0 helmet (worn)
 H - a +1 cloak (worn)
Jewellery
 f - a +6 ring of dexterity (left hand)
 u - an amulet of faith
 J - a ring of willpower (right hand)
Wands
 o - a wand of polymorph (22)
 t - a wand of quicksilver (15)
 A - a wand of flame (28)
Scrolls
 h - a scroll of summoning {unknown}
 i - a scroll of vulnerability {unknown}
 l - 5 scrolls of poison {unknown}
 q - 6 scrolls of butterflies
 s - 4 scrolls of teleportation
 y - a scroll of immolation {unknown}
 G - a scroll of enchant weapon {unknown}
 I - a scroll of magic mapping
Potions
 k - a potion of ambrosia
 n - 5 potions of brilliance
 w - 4 potions of might {unknown}
 x - 2 potions of cancellation {unknown}
 z - a potion of flight
 B - 2 potions of degeneration
 D - a potion of lignification {unknown}


   Skills:
 + Level 7.3 Fighting
 * Level 11.4 Short Blades
 - Level 2.0 Throwing
 + Level 9.3 Dodging
 + Level 7.4 Stealth


You had 9 spell levels left.
You didn't know any spells.
Your spell library contained the following spells:

 Spells                   Type           Power      Damage    Failure   Level
 Gell's Gravitas          Tloc           0%         N/A       85%         3
 Ozocubu's Armour         Ice            0%         N/A       85%         3
 Teleport Other           Tloc           0%         N/A       85%         3
 Animate Dead             Necr           0%         N/A       99%         4
 Metabolic Englaciation   Hex/Ice        0%         N/A       100%        5
 Dispersal                Tloc           0%         N/A       100%        6
 Simulacrum               Ice/Necr       0%         N/A       100%        6
 Haunt                    Necr/Summ      0%         N/A       100%        7
 Infestation              Necr           0%         N/A       100%        8


Dungeon Overview and Level Annotations

Branches:
Dungeon (8/15)             Temple (1/1) D:6         Ossuary (visited)
   Lair: D:8-11

Altars:
Ashenzari
Cheibriados
Dithmenos
Elyvilon
Gozag
Hepliaklqana
Okawaru
Qazlal
Ru
Sif Muna
Trog
Uskayaw
Vehumet
Wu Jian
Xom
Yredelemnul
Zin
The Shining One

Annotations:
D:4 3 runed translucent doors, Xeneth's ghost, amateur MiCK; necoarcsad's ghost, amateur MiBe
D:5 Sanktem7's ghost, novice MiFi
D:6 1 runed translucent door


Innate Abilities, Weirdness & Mutations

((You are very nimble when in or above water. (Stealth+, EV+, Speed+++)))
Your lower body shifts to a powerful aquatic tail in water.


Message History

The ball of steam hits you!
The kobold brigand attacks as you move away!
The kobold brigand completely misses you.
You are engulfed in a cloud of scalding steam.
The kobold misses you. The kobold hits you but does no damage.
The steam dragon misses you. The steam dragon barely misses you.
There is a stone staircase leading up here.
The kobold barely misses you.
The kobold brigand is engulfed in a cloud of scalding steam.
The kobold brigand closely misses you. The kobold closely misses you.
The steam dragon breathes steam at you. The ball of steam hits you!
The ball of steam hits the kobold!!
The kobold dies!
You climb upwards.
There is a stone staircase leading down here.
The kobold brigand misses you. The kobold barely misses you.
The kobold brigand hits you with a +0 dagger.
The steam dragon attacks as you move away!
The steam dragon misses you. The steam dragon closely misses you.
The kobold brigand attacks as you move away!
The kobold brigand barely misses you.
The steam dragon attacks as you move away!
The steam dragon closely misses you. The steam dragon barely misses you.
The steam dragon breathes steam at you. The ball of steam hits you.
You are engulfed in a cloud of scalding steam.
The kobold brigand throws a curare-tipped dart.
The curare-tipped dart hits you.
You are poisoned.
You have difficulty breathing.
* * * LOW HITPOINT WARNING * * *
You feel yourself slow down.
You feel very sick.
You feel better.
You are engulfed in a cloud of scalding steam.
* * * LOW HITPOINT WARNING * * *
The steam dragon breathes steam at you. The ball of steam hits you!!
You die...

####################
..................>###
#####.....###........#
#.###.# #.K###.#.###### ##
#.# #.# #K.# #.#......# .#
#.# #.# #.§# #.#......# .#
#.# #.# #.D###.#......# .#
#.###.###..§@..'......# .#
#.#.......####.#......#
.####+#.#.......##[########
........#######.##.#
..).....# #.##.# ........#
#.##.# .....)..# #.##.#
.####)#.# #.##.### ##
#[#.#######'##...#


You could see a steam dragon (catching breath).

Vanquished Creatures
  Pikel (D:5)
  A troll (D:6)
  Menkaure (D:6)
  A water moccasin (D:5)
  A sky beast (D:7)
  2 ice beasts (D:7)
  A centaur (D:6)
  3 phantoms
  A lemure (D:4)
  A necrophage (D:5)
  3 bullfrogs (D:6)
  2 scorpions
  11 wights (D:7)
  5 killer bees (D:7)
  A howler monkey (D:6)
  2 jellies (D:6)
  4 hounds
  5 orc priests
  2 gnoll boudas
  2 iguanas
  Terence (D:2)
  4 orc wizards
  8 mummies (Ossuary)
  15 gnolls
  7 adders
  A river rat (D:6)
  A shadow imp (D:5)
  An ufetubus (D:5)
  5 worms
  3 dart slugs
  17 orcs
  4 bats
  7 endoplasms
  4 giant cockroaches
  5 hobgoblins
  3 jackals (D:5)
  8 kobolds
  6 quokkas
  5 ball pythons
  5 frilled lizards
  2 gnoll zombies (Ossuary)
  5 goblins
  A kobold zombie (Ossuary)
  5 orc zombies (Ossuary)
  7 rats
180 creatures vanquished.

Vanquished Creatures (others)
  A white imp (D:8)
  2 kobolds
3 creatures vanquished.

Grand Total: 183 creatures vanquished

Notes
Turn   | Place    | Note
-------+----------+-------------------------------------------
     0 | D:1      | cheesebisquit the Merfolk Gladiator began the quest for the
                  | Orb.
     0 | D:1      | Reached XP level 1. HP: 16/16 MP: 1/1
   223 | D:1      | Reached XP level 2. HP: 23/23 MP: 2/2
   483 | D:1      | Reached skill level 4 in Short Blades
   672 | D:1      | Reached skill level 1 in Stealth
  1034 | D:1      | Reached XP level 3. HP: 28/28 MP: 3/3
  1666 | D:2      | Noticed Terence
  1673 | D:2      | Killed Terence
  1674 | D:2      | Reached XP level 4. HP: 34/34 MP: 4/4
  1805 | D:2      | Reached skill level 5 in Short Blades
  2074 | D:2      | Reached XP level 5. HP: 34/41 MP: 5/5
  3503 | D:3      | Reached skill level 5 in Dodging
  3735 | D:3      | Found a glowing golden altar of the Shining One.
  3902 | D:4      | Reached XP level 6. HP: 42/47 MP: 6/6
  4268 | D:4      | Identified the +1 leather armour "Upuwaoge" {-Tele Will+
                  | Str+2}
  4279 | D:4      | Found a runed translucent gate.
  4280 | D:4      | Found a runed translucent gate.
  4281 | D:4      | Found a runed translucent gate.
  4282 | D:4      | Noticed necoarcsad's ghost (amateur MiBe)
  4282 | D:4      | Noticed Xeneth's ghost (amateur MiCK)
  4293 | D:4      | Found the +13 scythe of Curses {drain, Drain}
  4312 | D:4      | Reached skill level 6 in Short Blades
  5343 | D:5      | Entered Level 5 of the Dungeon
  5619 | D:5      | Noticed Pikel
  5632 | D:5      | Killed Pikel
  5633 | D:5      | Reached skill level 7 in Short Blades
  5633 | D:5      | Reached XP level 7. HP: 28/55 MP: 7/7
  5633 | D:5      | Reached XP level 8. HP: 31/61 MP: 8/8
  5882 | D:5      | Reached skill level 5 in Fighting
  5995 | D:5      | Reached skill level 8 in Short Blades
  6118 | D:5      | Found a broken altar of Ashenzari.
  6466 | D:6      | Reached skill level 5 in Stealth
  6867 | D:6      | Found a runed translucent door.
  6869 | D:6      | Noticed Sanktem7's ghost (novice MiFi)
  6929 | D:6      | Reached skill level 9 in Short Blades
  7099 | D:6      | Found a staircase to the Ecumenical Temple.
  7106 | Temple   | Entered the Ecumenical Temple
  7162 | Temple   | Became a worshipper of Dithmenos the Shadowed
  7205 | D:6      | Noticed a troll
  7225 | D:6      | Killed a troll
  7226 | D:6      | Reached XP level 9. HP: 31/69 MP: 9/9
  7880 | D:6      | Found a sacrificial altar of Ru.
  8055 | D:6      | Noticed Menkaure
  8261 | D:6      | Found a runed translucent door.
  8368 | D:6      | Killed Menkaure
  8502 | D:6      | Reached skill level 10 in Short Blades
  9628 | D:7      | Found a sand-covered staircase.
  9638 | Ossuary  | Entered an ossuary
 10218 | D:7      | Reached * piety under Dithmenos
 10465 | D:7      | Reached skill level 11 in Short Blades
 10731 | D:7      | Reached XP level 10. HP: 73/79 MP: 10/10
 11666 | D:7      | Killed from afar by a steam dragon

Illustrated notes

Levels and vault maps discovered:
D:1:      minmay_arrival_checkered_box, layout_basic, hex_medium
D:2:      layout_basic, amcnicky_mini_pool_small, uniq_terence
D:3:      layout_loops_ring, mainiacjoe_overflow_brackets
D:4:      layout_basic, gammafunk_ghost_cemetery
D:5:      layout_rooms, mainiacjoe_overflow_six_doors_small, uniq_pikel
D:6:      layout_basic, marbit_many_paths, minmay_temple_entry_hall,
          ebering_ghost_sewer_f, uniq_menkaure
D:7:      layout_basic, chequers_ossuary_entry_cave
D:8:      layout_loops_ring, mainiacjoe_overflow_small_starburst,
          overflow_temple_1_default, ebering_ghost_rock_garden,
          grunt_ministairs_10, uniq_prince_ribbit1
Temple:   eino_wide_crystal_templ

Skill      XL: |  1  2  3  4  5  6  7  8  9 |
---------------+----------------------------+-----
Short Blades   | 4 5 7 9 11 | 11.4
Stealth        | 1 2 4 5 7 |  7.4
Fighting       | 3 4 6 7 |  7.3
Dodging        | 5 6 7 9 |  9.3
Throwing       | |  2.0

Action                   |  1- 3 |  4- 6 |  7- 9 | 10-12 || total
-------------------------+-------+-------+-------+-------++-------
Melee: Rapier            |    96 |   247 |   539 |    50 ||   932
       Punch             |       |     5 |     7 |       ||    12
Throw: Dart              |       |    20 |    10 |       ||    30
       Throwing net      |       |     4 |       |       ||     4
       Javelin           |       |     1 |       |       ||     1
  Use: Scroll            |       |     6 |    12 |       ||    18
       Potion            |       |       |     7 |     5 ||    12
 Stab: Sleeping          |     2 |     8 |     3 |     2 ||    15
       Held in net/web   |       |     2 |       |       ||     2
       Distracted        |       |       |     1 |       ||     1
Armor: Leather armour    |    18 |    52 |    71 |     7 ||   148
Dodge: Dodged            |    51 |   160 |   352 |    45 ||   608
